 Dungeon Sprint DCSS version 0.21-a0-150-gc243083 (webtiles) character file.

0 Lunath the Shield-Bearer (level 1, 0/18 HPs)
             Began as a Formicid Fighter on July 27, 2017.
             Was an Initiate of the Shining One.
             Killed from afar by a battlesphere (11 damage)
             ... created by a deep elf mage
             ... in the Dungeon (Sprint V: "Ziggurat Sprint").
             The game lasted 00:01:20 (93 turns).

Lunath the Shield-Bearer (Formicid Fighter)           Turns: 93, Time: 00:01:21

Health: 0/18       AC: 18    Str: 26    XL:     1   Next: 0%
Magic:  1/1        EV:  0    Int:  7    God:    the Shining One [......]
Gold:   0          SH:  0    Dex: 16    Spells: 0/0 levels left

rFire    + . .     SeeInvis +   n - +5 executioner's axe
rCold    + . .     Gourm    .   m - +3 large shield
rNeg     . . .     Faith    .   l - +5 gold dragon scales
rPois    +         Spirit   .   (helmet unavailable)
rElec    .         Reflect  .   (no cloak)
rCorr    .         Harm     .   (no gloves)
MR       .....                  (no boots)
Stlth    ..........             (no amulet)
HPRegen  0.06/turn              A - +6 ring of dexterity
MPRegen  0.07/turn              E - +6 ring of strength

@: confused, glowing
A: permanent stasis, dig shafts and tunnels, four strong arms, antennae 3
a: Dig, Renounce Religion


You were in the Dungeon.
You worshipped the Shining One.
The Shining One was noncommittal.
You were not hungry.

You visited 1 branch

Inventory:

Hand Weapons
 n - a +5 executioner's axe (weapon)
Armour
 l - +5 gold dragon scales (worn)
 m - a +3 large shield (worn)
Jewellery
 A - a +6 ring of dexterity (left hand)
 B - a +6 ring of dexterity
 C - a +6 ring of intelligence
 D - a +6 ring of intelligence
 E - a +6 ring of strength (right hand)
 F - a +6 ring of strength
Wands
 w - a wand of disintegration (7/24)
 x - a wand of iceblast (5/15)
 y - a wand of lightning (5/15)
 z - a wand of acid (5/15)
Scrolls
 c - 4 scrolls of amnesia
 h - 3 scrolls of recharging
 j - 7 scrolls of fog
 k - a scroll of holy word
 o - 5 scrolls of identify
 p - 5 scrolls of remove curse
 q - 2 scrolls of fear
Potions
 d - 6 potions of might
 e - 10 potions of curing
 g - 10 potions of heal wounds
 i - 7 potions of magic
 r - 2 potions of brilliance
 s - 2 potions of invisibility
 t - 4 potions of resistance
 u - a potion of experience
 v - 5 potions of agility
Comestibles
 a - 42 fruits
 b - 4 meat rations
 f - 5 bread rations


   Skills:
 + Level 3.2 Fighting
 + Level 2.0 Axes
 + Level 3.2 Armour
 + Level 3.6 Shields


You couldn't memorise any spells.
You didn't know any spells.

Dungeon Overview and Level Annotations

Branches:
Dungeon (1/1)

Altars:
Ashenzari
Cheibriados
Dithmenos
Elyvilon
Fedhas
Gozag
Hepliaklqana
Kikubaaqudgha
Makhleb
Nemelex Xobeh
Okawaru
Qazlal
Ru
Sif Muna
Trog
Uskayaw
Vehumet
Wu Jian
Xom
Yredelemnul
Zin
The Shining One
Beogh
Jiyva
Lugonu

Annotations:
D 1 transporter


Innate Abilities, Weirdness & Mutations

You cannot be hasted, slowed, berserked, paralysed or teleported.
You can dig through walls and to a lower floor.
Your four strong arms can wield two-handed weapons with a shield.
You have a pair of large antennae on your head. (SInv)


Message History

You are confused.
The deep elf archer hits you but does no damage.
You are too confused!
The deep elf archer casts a spell at you.
Your stasis prevents you from being slowed.
The deep elf mage points at you and mumbles some strange words.
The magic dart hits you!
The battlesphere fires!
The barrage of energy hits you!
There is a transporter landing site here.
The deep elf archer blinks!
The deep elf mage hits you but does no damage.
The deep elf archer unwields an uncursed short sword.
The deep elf archer wields an uncursed glowing longbow.
It bursts into flame!
The deep elf archer shoots an arrow.
The arrow hits you! The Shining One protects you from harm!
The deep elf mage points at you and mumbles some strange words.
The magic dart hits you!
The battlesphere fires!
The barrage of energy hits you!
Ouch! That really hurt!
You die...

▓▓▓▓▓▓▓
▓.8*8.▓
{{
▓...e.▓
▓.=.[.▓
▓.e@..▓
▓.....▓
▓..©..▓
▓▓▓▓▓▓▓
{{{ { {


You could see a deep elf archer, a deep elf mage and a battlesphere.

Vanquished Creatures (others)
  Eustachio (D)
1 creature vanquished.

Notes
Turn   | Place    | Note
-------+----------+-------------------------------------------
     0 | D        | Lunath the Formicid Fighter began the quest for the Orb.
     0 | D        | Reached XP level 1. HP: 18/18 MP: 1/1
     5 | D        | Killed Eustachio
    13 | D        | Found a blossoming altar of Fedhas.
    25 | D        | Found a viscous altar of Jiyva.
    25 | D        | Found a hazy altar of Hepliaklqana.
    25 | D        | Found a transporter.
    25 | D        | Found an opulent altar of Gozag.
    25 | D        | Found an ancient bone altar of Kikubaaqudgha.
    25 | D        | Found a corrupted altar of Lugonu.
    43 | D        | Found a burning altar of Makhleb.
    44 | D        | Found a sacrificial altar of Ru.
    44 | D        | Found a stormy altar of Qazlal.
    44 | D        | Found a deep blue altar of Sif Muna.
    44 | D        | Found an iron altar of Okawaru.
    44 | D        | Found a bloodstained altar of Trog.
    44 | D        | Found a sparkling altar of Nemelex Xobeh.
    75 | D        | Became a worshipper of the Shining One
    88 | D        | Entered arena 2.
    88 | D        | Noticed a deep elf mage
    88 | D        | Noticed a deep elf archer
    88 | D        | Found a transporter.
    93 | D        | The Shining One protects you from harm!
    93 | D        | Killed from afar by a battlesphere

Vault maps used:
D:        sprint_v

Action                   || total
-------------------------++-------
Melee: Executioner's axe ||     1
Armor: Gold dragon scale ||     4
Block: Large shield      ||     1
